 Dungeon Crawl Stone Soup version 0.31.0-1-g2c135a008e (webtiles) character file.

Game seed: 508485170847597985

28 qw the Shooter (level 3, -1/28 HPs)
             Began as a Djinni Hunter on Jan 23, 2024.
             Frozen to death by an endoplasm (6 damage)
             ... on level 2 of the Dungeon.
             The game lasted 00:00:02 (631 turns).

qw the Shooter (Djinni Hunter)                       Turns: 631, Time: 00:00:02

Health: -1/28      AC:  5    Str: 10    XL:     3   Next: 27%
Gold:   50         EV: 11    Int: 10    God:
                   SH:  0    Dex: 18

rFire   + + .        a - +0 shortbow
rCold   x . .        (shield currently unavailable)
rNeg    + . .        d - +0 ring mail
rPois   inf          (no helmet)
rElec   .            (no cloak)
rCorr   .            (no gloves)
SInv    .            (boots unavailable)
Will    .....        (no amulet)
Stlth   +            f - ring of positive energy
HPRegen 0.24/turn    (no ring)
MPRegen 0.00/turn

%: infuse magic (-2 HP)
@: flying
A: sickness immunity, fire resistance 2, cold vulnerability 1, float, innate
caster, HP casting, extra vitality 1
a: no special abilities


You were on level 2 of the Dungeon.
You visited 1 branch of the dungeon, and saw 2 of its levels.

You collected 50 gold pieces.


Innate Abilities, Weirdness & Mutations

You are immune to sickness and miasma.
You are immune to poison.
Your flesh is very heat resistant. (rF++)
You are vulnerable to cold. (rC-)
You float through the air rather than walking.
You learn spells naturally, not from books.
Your magical power is your life essence.
You have superior vitality. (+4 MHP)


   Skills:
 - Level 2.1 Fighting
 - Level 4.0 Ranged Weapons
 + Level 0.5 Armour
 - Level 2.1 Dodging
 - Level 0.7 Stealth


You knew the following spells:

 Your Spells              Type           Power      Damage    Failure   Level
a - Summon Small Mammal   Summ           0%         N/A       69%         1
Your spell library was empty.

Inventory:

Hand Weapons
 a - a +0 shortbow (weapon)
Armour
 d - a +0 ring mail (worn)
Jewellery
 f - a ring of positive energy (left hand)
Potions
 g - a potion of attraction {unknown}
 h - a potion of curing {unknown}
 i - a potion of haste {unknown}

Dungeon Overview and Level Annotations

Branches:
Dungeon (2/15)

Altars:

Shops:
D:2 *


Message History

A goblin comes into view. It is wielding a +0 club.
The goblin shouts!
You shoot an arrow. The arrow hits the goblin!
You kill the goblin!
You see here a +0 club.
Found a stone staircase leading down.
A giant cockroach comes into view.
You shoot an arrow.
The arrow hits the giant cockroach but does no damage.
You shoot an arrow. The arrow hits the giant cockroach.
You kill the giant cockroach!
You now have 50 gold pieces (gained 5).
An endoplasm and an adder come into view.
The endoplasm quivers.
The adder hisses angrily.
The endoplasm moves out of view.
You shoot an arrow. The arrow hits the adder.
The adder is moderately wounded.
You shoot an arrow. The arrow closely misses the adder.
You shoot an arrow. The arrow closely misses the adder.
The adder barely misses you. The adder bites you.
You shoot an arrow. The arrow hits the adder.
The adder is heavily wounded.
The adder bites you. The endoplasm freezes you.
You are frozen.
You feel a terrible chill!
You shoot an arrow. The arrow closely misses the adder.
The adder bites you. The adder barely misses you. The endoplasm freezes you.
You are frozen.
You shoot an arrow. The arrow misses the adder.
The adder bites you. The endoplasm freezes you.
You are frozen!
You feel a terrible chill! The adder bites you but does no damage.
You shoot an arrow. The arrow hits the adder!
You kill the adder!
The endoplasm freezes you.
You are frozen.
You feel a terrible chill!
You die...

#....... #. . .#
#......# # .#. .#
#.###.## #. .#. .#
#.###.# #.. .\ .#
#.....# #...#.# .#
#.###### #..#...#.#
#.# # #......J.# #.#
#
#...#.#@#########.###
#
#....%.............#
#
############..##)..#
# #..##...# #
#.>#....# #..#.#..#
#.......#
####.#######
#.###....


You could see an endoplasm.

Vanquished Creatures
  An adder (D:2)
  5 bats (D:1)
  2 endoplasms (D:1)
  3 giant cockroaches
  2 goblins
  4 hobgoblins (D:1)
  2 quokkas (D:1)
  A ball python (D:1)
  3 kobolds (D:1)
  A rat (D:1)
24 creatures vanquished.

Notes
Turn   | Place    | Note
-------+----------+-------------------------------------------
     0 | D:1      | qw the Djinni Hunter began the quest for the Orb.
     0 | D:1      | Reached XP level 1. HP: 18/18 MP: 0/0
     0 | D:1      | 0 ||| qw: Version: 0.3-a-136-gdd3b4e8
     0 | D:1      | 0 ||| qw: Game counter: 1162
     0 | D:1      | 0 ||| qw: Melee chars always use a shield: true
     0 | D:1      | 0 ||| qw: God list: Okawaru
     0 | D:1      | 0 ||| qw: Allow faded altars: false
     0 | D:1      | 0 ||| qw: Do Orc after clearing Dungeon:15 true
     0 | D:1      | 0 ||| qw: Do second Lair branch before Depths: true
     0 | D:1      | 0 ||| qw: Lair rune preference: random
     0 | D:1      | 0 ||| qw: Goals: Normal
     0 | D:1      | 0 ||| PLANNING D:1-11
   190 | D:1      | Reached XP level 2. HP: 23/23 MP: 0/0
   369 | D:1      | Reached XP level 3. HP: 27/28 MP: 0/0
   369 | D:1      | Learned a level 1 spell: Summon Small Mammal
   429 | D:1      | Reached skill level 4 in Ranged Weapons
   484 | D:1      | 484 ||| UPGRADING to +0 ring mail.
   494 | D:1      | 494 ||| DROPPING +0 leather armour.
   495 | D:1      | 495 ||| UPGRADING to ring of positive energy.
   496 | D:1      | 496 ||| READING scroll labelled NUOFUL DAMIST.
   497 | D:1      | 497 ||| DROPPING scroll of butterflies.
   622 | D:2      | Found Vomez Pely's General Store.
   630 | D:2      | HP: 5/28 [frozen (7)]
   631 | D:2      | Frozen to death by an endoplasm

Levels and vault maps discovered:
D:1:      minmay_arrival_shattered_statue, layout_basic
D:2:      layout_loops_cross, serial_shops, shop, nicolae_shop_advertising_works
          [nicolae_subvault_shop_adworks], shop

Skill      XL: |  1  2  3 |
---------------+----------+-----
Ranged Weapons | 4 |  4.0
Fighting       | |  2.1
Armour         | |  0.5
Dodging        | |  2.1
Stealth        | |  0.7

Action                     || total
---------------------------++-------
   Fire: Shortbow          ||    65
    Use: Scroll            ||     1
 Armour: Leather armour    ||    11
         Ring mail         ||     5
  Dodge: Dodged            ||     9

Table legend:
 A = Non-vault XP
 B = Vault XP
 C = Vault XP percentage of total XP
 D = Non-vault monster count
 E = Vault monster count
 F = Vault count percentage of total count
                 A         B        C        D         E       F
            +---------+---------+-------+---------+---------+-------
      Total |      53 |       0 |   0.0 |      24 |       0 |   0.0
            +---------+---------+-------+---------+---------+-------
        D:1 |      34 |       0 |   0.0 |      20 |       0 |   0.0
        D:2 |      19 |       0 |   0.0 |       4 |       0 |   0.0
            +---------+---------+-------+---------+---------+-------
